 Dungeon Crawl Stone Soup version 0.18-a0-327-gb1de508 (webtiles) character file.

19 Duffy the Sneak (level 2, -2/22 HPs)
             Began as a Naga Enchanter on Nov 27, 2015.
             Slain by an ooze (4 damage)
             ... on level 2 of the Dungeon.
             The game lasted 00:01:12 (654 turns).

Duffy the Sneak (Naga Enchanter)                     Turns: 654, Time: 00:01:13

Health: -2/22      AC:  2    Str: 10    XL:     2   Next: 75%
Magic:  5/5        EV: 10    Int: 15    God:
Gold:   29         SH:  0    Dex: 11    Spells: 1 memorised, 4 levels left

rFire  . . .     SeeInvis +     j - +0 dagger (venom)
rCold  . . .     Clarity  .     b - +1 robe
rNeg   . . .     SustAt   .     (no shield)
rPois  +         Gourm    .     (no helmet)
rElec  .         Spirit   .     (no cloak)
rCorr  .         Warding  .     (no gloves)
rMut   .         Stasis   .     (no barding)
MR     .....                    (no amulet)
Stlth  +++.......               (no ring)
                                f - ring of poison resistance

@: short of breath, very slow, not resistant to hostile enchantments, fairly
stealthy
A: see invisible, deformed body, poison resistance, slowness 2, slow metabolism
1, spit poison 2, AC +0
a: Spit Poison


You were on level 2 of the Dungeon.
You were not hungry.

You visited 1 branch of the dungeon, and saw 2 of its levels.

You collected 29 gold pieces.


Innate Abilities, Weirdness & Mutations

You cannot wear boots.
Your serpentine skin is tough (AC +0).
You have supernaturally acute eyesight.
Armour fits poorly on your strangely shaped body.
Your system is resistant to poisons.
You cover ground very slowly.
You have a slow metabolism.
You can spit poison.


   Skills:
 + Level 1.7 Short Blades
 - Level 1.5 Dodging
 + Level 5.4 Stealth
 - Level 2.0 Spellcasting
 - Level 3.0 Hexes


You had 4 spell levels left.
You knew the following spells:

 Your Spells              Type           Power        Failure   Level  Hunger
a - Corona                Hex            ##.....      8%          1    #......

Inventory:

Hand Weapons
 a - a +1 dagger
 j - a +0 dagger of venom (weapon)
Missiles
 i - 13 sling bullets of frost
Armour
 b - a +1 robe (worn)
Jewellery
 f - a ring of poison resistance (left hand)
Scrolls
 g - a scroll of fog {unknown}
 h - a scroll of identify {unknown}
Potions
 e - a potion of curing {unknown}
Books
 c - a book of Maledictions
Comestibles
 d - a bread ration

Dungeon Overview and Level Annotations

Branches:
Dungeon (2/15)

Altars:


Message History

You hit the ooze but do no damage. The ooze hits you.
You are too injured to fight recklessly!
You are too injured to fight recklessly!
You are too injured to fight recklessly!
You are too injured to fight recklessly!
You are too injured to fight recklessly!
You are too injured to fight recklessly!
You are too injured to fight recklessly!
You are too injured to fight recklessly!
You are too injured to fight recklessly!
You are too injured to fight recklessly!
You are too injured to fight recklessly!
You are too injured to fight recklessly!
You are too injured to fight recklessly!
You are too injured to fight recklessly!
You are too injured to fight recklessly!
You are too injured to fight recklessly!
You completely miss the ooze. The ooze hits you.
Press: ? - help, Shift-Dir - straight line, f - ooze
Aim: an ooze The splash of poison hits the ooze.
The ooze appears unharmed.
You feel slightly more hungry. The ooze completely misses you.
You hit the ooze.
The ooze is lightly wounded.
The ooze hits you.
You barely miss the ooze.
The ooze is lightly wounded.
The ooze barely misses you.
You hit the ooze but do no damage.
The ooze is lightly wounded.
The ooze completely misses you.
You hit the ooze.
The ooze is heavily wounded.
The ooze hits you.
You die...

#.# #.# #.#
#.# ....
#.#### ....
#....# ....
####.#
#####....
#.#####.....#
#....@J.....+
#######.....#
#.....#
#.....#
#.....#
#.....#
#.....#
#.....#
#.....#


You could see an ooze.

Action                   || total
-------------------------++-------
Melee: Dagger            ||    31
 Abil: Spit Poison       ||    13
 Stab: Distracted        ||     1

Notes
Turn   | Place    | Note
--------------------------------------------------------------
     0 | D:1      | Duffy the Naga Enchanter began the quest for the Orb.
     0 | D:1      | Reached XP level 1. HP: 15/15 MP: 3/3
   352 | D:1      | Reached XP level 2. HP: 22/22 MP: 5/5
   356 | D:1      | Reached skill level 5 in Stealth
   654 | D:2      | Slain by an ooze

Vault maps used:
D:1:      dpeg_arrival_short_road
D:2:      nicolae_overflow_hidden_temple, first_bread

Vanquished Creatures
  An ooze
  A giant gecko
  2 bats
  A giant cockroach
  3 goblins
  2 hobgoblins
  2 giant newts
  2 rats
14 creatures vanquished.
